[Event "Team 45 45 League T44"]
[Site "Internet Chess Club"]
[Date "2010.02.20"]
[Round "3"]
[White "TroyO"]
[Black "Aquaman"]
[Result "1/2-1/2"]
[WhiteElo "1364"]
[BlackElo "1283"]
[Opening "QP counter-gambit (elephant gambit)"]
[ECO "C40"]
[Time "15:45:23"]
[TimeControl "2700+45"]

1. e4 e5 2. Nf3 d5 3. exd5 e4 4. Qe2 Nf6 5. Nc3 Be7 6. Nxe4 O-O 7. c4 Re8 8. d3
Bf5 9. Qc2 Nxe4 10. dxe4 Bxe4 11. Bd3 Bxd3 12. Qxd3 Bb4+ 13. Kd1 h6 14. a3 Be7
15. Re1 Nd7 16. b4 Nf6 17. h3 c6 18. d6 Qxd6 19. Qxd6 Bxd6 20. Rxe8+ Rxe8 21. c5
Bc7 22. Bb2 Ne4 23. Bd4 Rd8 24. Kc2 Rd5 25. Re1 f5 26. Be3 Nf6 27. Rd1 Kf7 28.
Rxd5 Nxd5 29. Bd4 Nf4 30. Nh4 g6 31. Be3 Kf6 32. Bxf4 Bxf4 33. Nf3 g5 34. Kd3
Bc7 35. g4 Be5 36. Ne1 Bc7 37. Nf3 Be5 38. Nxe5 Kxe5 39. Ke3 f4+ 40. Kd3 Kd5 41.
f3 Ke5 42. Kc4 Ke6 43. Kd4 Kf6 44. Ke4 Ke6 45. Kd4 Kf6 46. Ke4 {Game drawn by
mutual agreement} 1/2-1/2

[Event "Team 45 45 League T44"]
[Site "Internet Chess Club"]
[Date "2010.02.21"]
[Round "3"]
[White "ilknight"]
[Black "cazj"]
[Result "0-1"]
[WhiteElo "1371"]
[BlackElo "1289"]
[Opening "Ponziani: Jaenisch counter-attack"]
[ECO "C44"]
[Time "13:03:26"]
[TimeControl "2700+45"]

1. e4 e5 2. Nf3 Nc6 3. c3 Nf6 4. d4 exd4 5. e5 dxc3 6. exf6 cxb2 7. Bxb2 gxf6 8.
Be2 Rg8 9. O-O d5 10. Re1 a6 11. Bb5+ Be6 12. Bxc6+ bxc6 13. Qc2 Qd7 14. Nd4 Be7
15. Nxe6 fxe6 16. Qxh7 Rf8 17. Qh3 e5 18. Qxd7+ Kxd7 19. Ba3 Rab8 20. Bxe7 Kxe7
21. Nc3 Rb2 22. Reb1 Rfb8 23. Rxb2 Rxb2 24. Nd1 Rc2 25. Ne3 Rb2 26. Rc1 Rxa2 27.
Rxc6 Ra1+ 28. Nf1 d4 29. Rxc7+ Ke6 30. h4 d3 31. Rc8 d2 32. Rd8 d1=Q 33. Rxd1
Rxd1 34. h5 Kf7 35. f3 a5 36. Kf2 Rxf1+ 37. Kxf1 a4 38. Ke1 a3 {White resigns}
0-1

[Event "Team 45 45 League T44"]
[Site "Internet Chess Club"]
[Date "2010.02.21"]
[Round "3"]
[White "baseball613"]
[Black "JimGaming"]
[Result "1/2-1/2"]
[WhiteElo "1287"]
[BlackElo "1277"]
[Opening "Queen's bishop game"]
[ECO "D02"]
[Time "11:30:24"]
[TimeControl "2700+45"]

1. d4 d5 2. Nf3 Nf6 3. Bf4 c5 4. c3 Qb6 5. Qb3 Nc6 6. e3 c4 7. Qc2 Bf5 8. Qc1
Nh5 9. Bg3 Nxg3 10. hxg3 Bg4 11. Be2 h5 12. Nbd2 e6 13. b3 Na5 14. bxc4 Nxc4 15.
Nxc4 dxc4 16. Bxc4 f6 17. Rb1 Qc7 18. Bb5+ Kf7 19. Nh2 Bd6 20. Nxg4 hxg4 21.
Rxh8 Rxh8 22. Qb2 Rh1+ 23. Bf1 b6 24. Kd2 Be7 25. Be2 Rxb1 26. Qxb1 f5 27. Qb3
Qc6 28. Bf1 Qd6 29. Qa4 Qa3 30. Qxa3 Bxa3 31. Be2 g6 32. f3 gxf3 33. gxf3 Bd6
34. f4 Ke7 35. Kd3 a6 36. a4 a5 37. Kc4 Kd7 38. Kb5 Kc7 39. Ka6 Ba3 40. Kb5 Bc1
41. Kc4 Kd6 42. Kd3 Ba3 43. g4 Kc7 44. gxf5 gxf5 45. e4 Bc1 46. exf5 exf5 47.
Bh5 Bxf4 48. Bg6 Bc1 49. Bxf5 Bb2 50. c4 Kd6 51. d5 Kc5 52. Bg6 Be5 53. Be8 Bd6
54. Bb5 Bc7 55. Ke4 Kd6 56. Kf5 Bd8 57. Kg6 Bh4 58. Kf7 Bf2 59. Ke8 Bc5 60. Kd8
Bf2 {Game drawn by mutual agreement} 1/2-1/2

[Event "Team 45 45 League T44"]
[Site "Internet Chess Club"]
[Date "2010.02.21"]
[Round "3"]
[White "stillday"]
[Black "mmf00"]
[Result "1-0"]
[WhiteElo "1250"]
[BlackElo "1622"]
[Opening "Sicilian: Hungarian variation"]
[ECO "B27"]
[Time "18:00:11"]
[TimeControl "2700+45"]

1. e4 c5 2. Nf3 g6 3. g3 Nc6 4. d3 Bg7 5. Bg2 Nf6 6. O-O O-O 7. Re1 d5 8. Nbd2
b6 9. c3 Bb7 10. e5 Nd7 11. d4 cxd4 12. cxd4 e6 13. Nb3 Rc8 14. Bg5 Qc7 15. Rc1
Qb8 16. Qd2 Rfe8 17. Bh6 Bh8 18. Nh4 Ne7 19. Rxc8 Rxc8 20. Bf1 Qc7 21. Bd3 Qd8
22. Nf3 Rc7 23. Qf4 Bg7 24. g4 Qf8 25. Bxg7 Qxg7 26. g5 Rc8 27. Rc1 Qf8 28. Bb5
Bc6 29. Ba6 Rb8 30. Kg2 Bb7 31. Bb5 Qd8 32. Nbd2 Rc8 33. Nf1 a6 34. Bxd7 Qxd7
35. Ne3 Rxc1 36. Ng4 Qc8 37. Nh6+ Kh8 38. Qf6# {Black checkmated} 1-0

[Event "Team 45 45 League T44"]
[Site "Internet Chess Club"]
[Date "2010.02.20"]
[Round "3"]
[White "ordinaryboy"]
[Black "sere"]
[Result "0-1"]
[WhiteElo "975"]
[BlackElo "1155"]
[Opening "Old Indian defense"]
[ECO "A42"]
[Time "10:02:53"]
[TimeControl "2700+45"]

1. d4 d6 2. c4 e6 3. Nc3 Nc6 4. Nf3 Nf6 5. e4 Be7 6. Bf4 Nxd4 7. Nxd4 e5 8. Bxe5
dxe5 9. Nf5 Bxf5 10. exf5 Qxd1+ 11. Rxd1 O-O 12. Bd3 Bc5 13. O-O Ng4 14. Ne4 Bb6
15. c5 Ba5 16. a3 c6 17. b4 Bd8 18. f3 Ne3 19. Nd6 Nxd1 20. Rxd1 Bc7 21. Nxb7
Rab8 22. Na5 Bxa5 23. bxa5 Rfd8 24. g3 Rb3 25. Be2 Rxd1+ 26. Bxd1 Rb2 27. a4 a6
28. f4 e4 29. g4 e3 30. Kf1 f6 31. h4 Rf2+ 32. Ke1 Rh2 33. h5 Kf7 34. g5 fxg5
35. fxg5 g6 36. hxg6+ hxg6 37. Bg4 gxf5 38. Bxf5 e2 39. g6+ Kf6 40. Bg4 Kxg6 41.
Bxe2 Rh1+ 42. Kd2 Ra1 43. Bxa6 Rxa4 44. Bd3+ Kf6 45. Kc3 Rxa5 46. Kc4 Ra4+ 47.
Kb3 Rh4 48. Ba6 Ke5 49. Kc3 Kd5 50. Bc4+ Rxc4+ 51. Kd3 Rxc5 52. Ke3 Rc1 53. Kd3
c5 54. Kd2 Rb1 55. Kc2 {White resigns} 0-1

[Event "Team 45 45 League T44"]
[Site "Internet Chess Club"]
[Date "2010.02.20"]
[Round "3"]
[White "lawth3"]
[Black "bajerk"]
[Result "0-1"]
[WhiteElo "1152"]
[BlackElo "1300"]
[Opening "QGA: 3.e4"]
[ECO "D20"]
[Time "09:00:18"]
[TimeControl "2700+45"]

1. d4 d5 2. c4 dxc4 3. e4 b5 4. a4 c6 5. axb5 cxb5 6. Nc3 Qb6 7. Nf3 Nf6 8. e5
Nfd7 9. b3 cxb3 10. Bxb5 Bb7 11. O-O a6 12. Na4 Qxb5 13. Nb2 Bd5 14. Re1 e6 15.
Re3 Nc6 16. Na4 Nb4 17. Rc3 Be7 18. Nd2 O-O 19. Nxb3 Bxb3 20. Qxb3 a5 21. Rg3
Rfb8 22. Bh6 Bf8 23. Nc3 Qb6 24. Qd1 g6 25. Be3 Qc7 26. Ne4 Rc8 27. Qh5 Bg7 28.
Qh4 Nb6 29. Bh6 Bxh6 30. Qxh6 N6d5 31. h4 Qc2 32. Re1 Nd3 33. Rf1 f5 34. Ng5 Ra7
35. h5 N5f4 36. Re3 Nxh5 37. Nf3 a4 38. Nh4 Rg7 39. Rh3 Ndf4 40. Rh2 a3 41. g3
Ne2+ 42. Kg2 Nxd4 43. Rc1 Qxc1 44. Qxc1 Rxc1 {White resigns} 0-1

[Event "Team 45 45 League T44"]
[Site "Internet Chess Club"]
[Date "2010.02.21"]
[Round "3"]
[White "damnwrite"]
[Black "jjaillet2007"]
[Result "1-0"]
[WhiteElo "1163"]
[BlackElo "1260"]
[Opening "French: advance variation"]
[ECO "C02"]
[Time "20:00:16"]
[TimeControl "2700+45"]

1. e4 e6 2. d4 d5 3. e5 c5 4. Bb5+ Bd7 5. Nc3 Bxb5 6. Nxb5 Qa5+ 7. Nc3 Nc6 8.
Be3 Nge7 9. dxc5 Nf5 10. Bd2 Qxc5 11. Nf3 d4 12. Ne4 Qd5 13. Qe2 Nxe5 14. O-O
Nxf3+ 15. Qxf3 Nd6 16. Rfe1 Be7 17. Bf4 e5 18. Nf6+ Bxf6 19. Qxd5 Rd8 20. Bxe5
O-O 21. Bxf6 gxf6 22. Qxd4 f5 23. Rad1 Ne4 24. Qxa7 Rxd1 25. Rxd1 Rc8 26. Qxb7
Rxc2 27. g4 Nxf2 28. Rd8+ Kg7 29. gxf5 Nh3+ 30. Kh1 Nf4 31. h4 Nh5 32. Qf3 Nf6
33. Qg3+ Kh6 34. Qg5# {Black checkmated} 1-0

[Event "Team 45 45 League T44"]
[Site "Internet Chess Club"]
[Date "2010.02.22"]
[Round "3"]
[White "Cicero"]
[Black "NewfieKnight"]
[Result "0-1"]
[WhiteElo "1117"]
[BlackElo "1157"]
[Opening "Scotch gambit"]
[ECO "C44"]
[Time "19:00:31"]
[TimeControl "2700+45"]

1. e4 e5 2. Nf3 Nc6 3. d4 exd4 4. Bc4 Qf6 5. c3 dxc3 6. Nxc3 Bb4 7. O-O Bxc3 8.
bxc3 Qxc3 9. Qb3 Qxb3 10. axb3 Nf6 11. e5 Ne4 12. Re1 Nc5 13. Ng5 Ne6 14. Nxe6
fxe6 15. Ba3 b6 16. Rad1 Bb7 17. Re3 O-O-O 18. Rc3 Nxe5 19. Rdc1 d5 20. Be2 Rd7
21. f4 d4 22. Rg3 Ng6 23. Bg4 Nxf4 24. Kf2 h5 25. Bd1 h4 26. Rf3 Bxf3 27. Bxf3
Nd3+ 28. Kg1 Nxc1 29. Bxc1 d3 30. Bd2 Rf8 31. Bg4 Re8 32. Bf3 g5 33. Bc6 Rg8 34.
Bxd7+ Kxd7 35. Kf2 Kc6 36. Ke3 Rd8 37. Ke4 Kb5 38. Bxg5 Rd5 39. Bxh4 d2 {White
resigns} 0-1

[Event "Team 45 45 League T44"]
[Site "Internet Chess Club"]
[Date "2010.02.22"]
[Round "3"]
[White "theartist"]
[Black "Mclintock45"]
[Result "1-0"]
[WhiteElo "1189"]
[BlackElo "964"]
[Opening "QGD Slav: exchange variation"]
[ECO "D13"]
[Time "12:31:08"]
[TimeControl "2700+45"]

1. d4 d5 2. c4 c6 3. cxd5 cxd5 4. Nf3 Nf6 5. Bf4 Nc6 6. e3 Bg4 7. Be2 g6 8. O-O
Bg7 9. Nc3 a6 10. a4 O-O 11. Qb3 Qc8 12. Nxd5 Nxd5 13. Qxd5 Qc7 14. Bxc7 Nb4 15.
Qc4 Nc6 16. Bb6 Be6 17. d5 Bxb2 18. Rab1 Ba3 19. dxe6 fxe6 20. Qxe6+ Rf7 21. Bc4
Nd8 22. Bxd8 Rxd8 23. Qxf7+ Kh8 24. Ng5 Rg8 25. Qxh7# {Black checkmated} 1-0

[Event "Team 45 45 League T44"]
[Site "Internet Chess Club"]
[Date "2010.02.20"]
[Round "3"]
[White "SeniorCitizen"]
[Black "The-Capitalist"]
[Result "0-1"]
[WhiteElo "1275"]
[BlackElo "1390"]
[Opening "Caro-Kann defense"]
[ECO "B10"]
[Time "11:01:45"]
[TimeControl "2700+45"]

1. e4 c6 2. Nf3 d5 3. exd5 cxd5 4. d4 Nf6 5. Be2 Nc6 6. O-O Bg4 7. c3 e6 8. Ne5
Bxe2 9. Qxe2 Be7 10. Bg5 O-O 11. Nd2 h6 12. Bh4 g6 13. Ng4 Nxg4 14. Bxe7 Nxe7
15. Qxg4 f5 16. Qe2 Qd6 17. Nf3 Nc6 18. Rfe1 Rfe8 19. Ne5 Nxe5 20. Qxe5 Qxe5 21.
Rxe5 b5 22. b4 a6 23. Rb1 a5 24. Rb2 axb4 25. cxb4 Kf7 26. Ree2 Rec8 27. Rec2
Rc4 28. Rxc4 dxc4 29. Kf1 Rd8 30. Rd2 c3 31. Rc2 Rxd4 32. Rxc3 Rxb4 33. Rb3 Rxb3
34. axb3 Kf6 35. Ke2 Ke5 36. Ke3 Kd5 37. Kd3 b4 38. f3 e5 39. g3 g5 40. h3 h5
41. Ke3 f4+ 42. gxf4 gxf4+ 43. Kd3 h4 44. Ke2 e4 {White resigns} 0-1

[Event "Team 45 45 League T44"]
[Site "Internet Chess Club"]
[Date "2010.02.18"]
[Round "3"]
[White "MateIn42"]
[Black "KingOfHearts"]
[Result "1/2-1/2"]
[WhiteElo "1398"]
[BlackElo "1301"]
[Opening "Scotch game"]
[ECO "C45"]
[Time "21:00:08"]
[TimeControl "2700+45"]

1. e4 e5 2. Nf3 Nc6 3. d4 exd4 4. Nxd4 Bc5 5. Be3 Qf6 6. c3 d6 7. Bb5 Bd7 8. O-O
Qg6 9. Nd2 Nge7 10. Nxc6 bxc6 11. Be2 Bxe3 12. fxe3 O-O 13. Rf3 Bg4 14. Rg3 Bxe2
15. Qxe2 Qe6 16. b3 d5 17. exd5 cxd5 18. Rf1 Nf5 19. Rgf3 g6 20. g4 Nh4 21. Rf6
Qe5 22. Qf2 Qe7 23. Re1 Nf5 24. g5 Rae8 25. e4 h6 26. Rxf5 gxf5 27. Qxf5 Qxg5+
28. Qxg5+ hxg5 29. e5 Re6 30. Nf3 f6 31. Nd4 Rxe5 32. Rxe5 fxe5 33. Ne6 Rf3 34.
Nxc7 d4 35. cxd4 exd4 36. Ne6 Rd3 37. Nxg5 Rd2 38. Nf3 Rd1+ 39. Kf2 Ra1 40. a4
d3 41. Ke3 Rf1 42. Nd2 Rh1 43. Nf3 Kf7 44. Kxd3 Ke6 45. Nd4+ Kd5 46. Nb5 Rxh2
47. Nxa7 Kc5 48. Kc3 Rh3+ 49. Kb2 Kb4 50. Nc6+ Kc5 51. Na5 Kb4 52. Nc6+ Kc5
{Game drawn by mutual agreement} 1/2-1/2

[Event "Team 45 45 League T44"]
[Site "Internet Chess Club"]
[Date "2010.02.22"]
[Round "3"]
[White "KidRattler"]
[Black "Graybeard"]
[Result "0-1"]
[WhiteElo "942"]
[BlackElo "1142"]
[Opening "Giuoco Piano: four knights variation"]
[ECO "C47"]
[Time "10:02:35"]
[TimeControl "2700+45"]

1. e4 e5 2. Nf3 Nc6 3. Nc3 Nf6 4. Bc4 Bc5 5. O-O O-O 6. d3 d6 7. Bd2 a6 8. Re1
Ng4 9. g3 Bxf2+ 10. Kg2 Bxe1 11. Qxe1 Nd4 12. Qd1 c6 13. Be3 Nxe3+ 14. Kf2 Nxd1+
15. Rxd1 Bg4 16. Re1 Nxf3 17. Re3 Nd2 18. b3 Nxc4 19. dxc4 Qb6 20. Na4 Qd4
{White resigns} 0-1

[Event "Team 45 45 League T44"]
[Site "Internet Chess Club"]
[Date "2010.02.20"]
[Round "3"]
[White "noblitz-oblige"]
[Black "AVEMARIA"]
[Result "0-1"]
[WhiteElo "1691"]
[BlackElo "1764"]
[Opening "French: Steinitz variation"]
[ECO "C11"]
[Time "10:00:52"]
[TimeControl "2700+45"]

1. e4 e6 2. d4 d5 3. Nc3 Nf6 4. e5 Nfd7 5. Nf3 c5 6. dxc5 Nc6 7. Bb5 Bxc5 8. O-O
O-O 9. Bxc6 bxc6 10. Na4 Be7 11. Bf4 c5 12. Qe2 Qa5 13. b3 Ba6 14. c4 dxc4 15.
Bd2 cxb3 16. Qd1 Qxa4 {White resigns} 0-1

[Event "Team 45 45 League T44"]
[Site "Internet Chess Club"]
[Date "2010.02.23"]
[Round "3"]
[White "GadsHill"]
[Black "RD1974"]
[Result "0-1"]
[WhiteElo "1490"]
[BlackElo "1709"]
[Opening "QGD: Chigorin defense"]
[ECO "D07"]
[Time "18:00:10"]
[TimeControl "2700+45"]

1. d4 d5 2. c4 Nc6 3. Nf3 Bg4 4. Nc3 Bxf3 5. exf3 dxc4 6. Be3 Nf6 7. Bxc4 e6 8.
O-O Be7 9. Qd2 O-O 10. Rfd1 Nb4 11. Bf4 c6 12. Be5 Nd7 13. a3 Nxe5 14. dxe5 Nd5
15. Nxd5 exd5 16. Ba2 Re8 17. f4 Qb6 18. b4 a5 19. bxa5 Rxa5 20. Rdb1 Qa7 21.
Rb6 {White resigns} 0-1

[Event "Team 45 45 League T44"]
[Site "Internet Chess Club"]
[Date "2010.02.22"]
[Round "3"]
[White "Dr-Checkmate"]
[Black "jericho121"]
[Result "1-0"]
[WhiteElo "1556"]
[BlackElo "1487"]
[Opening "King's pawn opening"]
[ECO "B07"]
[Time "12:00:36"]
[TimeControl "2700+45"]

1. e4 d6 2. Nf3 Nf6 3. e5 dxe5 4. Nxe5 g6 5. Bc4 e6 6. O-O Nbd7 7. Nf3 Bg7 8. c3
O-O 9. d4 Nb6 10. Bb3 Qe7 11. Bg5 h6 12. Bh4 c5 13. Re1 cxd4 14. Nxd4 Rd8 15.
Qe2 g5 16. Nf5 Qf8 17. Nxg7 Qxg7 18. Bg3 Bd7 19. Be5 Bc6 20. Nd2 Nbd7 21. Bd4
Nb6 22. Bc2 Nbd5 23. Ne4 Nf4 24. Nxf6+ Qxf6 25. Bxf6 Nxe2+ 26. Rxe2 Rd5 27. Be4
Rd7 28. Bxc6 bxc6 29. h4 gxh4 30. Bxh4 Rb8 31. Bg3 Rbd8 32. Rae1 Rd2 33. Bf4
Rxe2 34. Rxe2 Rd1+ 35. Kh2 Rd5 36. Re5 Rd1 37. Bxh6 Rb1 38. b3 Rb2 39. Ra5 Rxf2
40. Rxa7 Rc2 41. c4 Rf2 42. Kg3 Rf5 43. Kg4 Rf6 44. Bg5 Rg6 45. Kh5 e5 46. a4 e4
47. Re7 Kf8 48. Rxe4 Kg7 49. Rg4 Re6 50. Bf4+ Kf8 51. a5 c5 52. Rg5 Rc6 53. Rxc5
Re6 54. Bh6+ Ke8 55. Rc7 Re5+ 56. Bg5 Rxa5 57. Re7+ Kf8 58. b4 Rf5 59. b5 f6 60.
Rh7 Rxg5+ 61. Kh6 Rxg2 62. b6 Rh2+ 63. Kg6 Rxh7 64. Kxh7 f5 65. b7 {Black
resigns} 1-0

[Event "Team 45 45 League T44"]
[Site "Internet Chess Club"]
[Date "2010.02.23"]
[Round "3"]
[White "AngryPirate"]
[Black "Bible-Believer"]
[Result "0-1"]
[WhiteElo "1458"]
[BlackElo "1555"]
[Opening "Réti: King's Indian attack, French variation"]
[ECO "C00"]
[Time "17:01:06"]
[TimeControl "2700+45"]

1. e4 e6 2. d3 d5 3. Nd2 c5 4. Ngf3 Nc6 5. g3 Be7 6. Bg2 Nf6 7. O-O O-O 8. Re1
b5 9. e5 Ne8 10. h4 a5 11. Nf1 b4 12. N1h2 a4 13. c3 bxc3 14. bxc3 Ba6 15. d4
Nc7 16. Ng4 cxd4 17. cxd4 Bc4 18. Ng5 Nb5 19. Be3 Qb6 20. Qc2 Bxg5 21. hxg5
Nbxd4 22. Qd2 Rfb8 23. Rad1 Qb2 24. Qxb2 Rxb2 25. Bxd4 Nxd4 26. Rxd4 Bxa2 27.
Rc1 Bc4 28. Ne3 Bb5 29. Ra1 a3 30. Nc4 Bxc4 31. Rxc4 a2 32. Rcc1 Rab8 33. Rf1
Kf8 34. Bf3 Ke7 35. Rfd1 Kd7 36. Be4 Kc7 37. Bd3 g6 38. Kf1 Kb6 39. Ke1 Ka5 40.
Rdc1 Ka4 41. Kf1 Ka3 42. Ke1 R8b3 43. Rd1 Rc3 44. Rd2 Rxd2 45. Kxd2 Rxd3+ 46.
Kxd3 Kb2 47. Rxa2+ Kxa2 48. Kd4 Kb2 49. Ke3 Kc3 50. Ke2 {White resigns} 0-1

[Event "Team 45 45 League T44"]
[Site "Internet Chess Club"]
[Date "2010.02.20"]
[Round "3"]
[White "rayonline53"]
[Black "fishhead"]
[Result "0-1"]
[WhiteElo "1494"]
[BlackElo "1916"]
[Opening "Nimzo-Indian: classical variation"]
[ECO "E32"]
[Time "16:00:15"]
[TimeControl "2700+45"]

1. d4 Nf6 2. c4 e6 3. Nc3 Bb4 4. Qc2 b6 5. a3 Bxc3+ 6. bxc3 c5 7. e4 Nc6 8. Nf3
d6 9. Bd3 e5 10. d5 Ne7 11. Ng1 h6 12. Ne2 O-O 13. f4 exf4 14. Nxf4 g5 15. Ne2
Ng6 16. Be3 Ng4 17. Bg1 Nh4 18. Ng3 Ne5 19. Bf1 f5 20. O-O-O f4 21. Ne2 Nhg6 22.
Bf2 Ba6 23. Ng1 Bxc4 24. Bxc4 Nxc4 25. Qe2 Nce5 26. Nf3 Qf6 27. h4 g4 28. Nxe5
Nxe5 29. Be1 h5 30. Bd2 c4 31. Rdf1 Nd3+ 32. Kc2 Qe5 33. Rhg1 Rac8 34. Qd1 Qxe4
{White resigns} 0-1

[Event "Team 45 45 League T44"]
[Site "Internet Chess Club"]
[Date "2010.02.20"]
[Round "3"]
[White "isolani"]
[Black "nursey"]
[Result "1-0"]
[WhiteElo "1636"]
[BlackElo "1563"]
[Opening "Queen's pawn game"]
[ECO "A46"]
[Time "16:02:18"]
[TimeControl "2700+45"]

1. Nf3 Nf6 2. d4 e6 3. Bf4 d5 4. e3 Bd6 5. Bxd6 Qxd6 6. Nbd2 O-O 7. Bd3 c5 8. c3
c4 9. Bc2 Nc6 10. O-O b6 11. e4 Nxe4 12. Nxe4 dxe4 13. Bxe4 Bb7 14. Qe2 b5 15.
Rfe1 Rad8 16. Rad1 Qc7 17. Ng5 h6 18. Qh5 Rfe8 19. Bh7+ Kf8 20. Nf3 Rd5 21. Qh4
Red8 22. Be4 R5d6 23. h3 Kg8 24. Bc2 a5 25. Qe4 Ne7 26. Qh7+ Kf8 27. Ne5 Rd5 28.
Qh8+ Ng8 29. Bh7 Ke7 30. Bxg8 Qc8 31. Qxg7 Rxg8 32. Qxf7+ Kd6 33. Qf4 Ke7 34.
Ng4 Rdg5 35. Qf6+ Kd6 36. Qxh6 R8g6 37. Qh4 Qc6 38. f3 Rg7 39. Re5 R5g6 40. Qd8+
Qd7 41. Qxd7+ Kxd7 42. Rxb5 Kd6 43. Rxa5 Rg8 44. Re1 Bd5 45. Kh2 Kc7 46. Re2 Kb6
47. Rc5 Ka6 48. Ne3 Rg5 49. Nxc4 Bxc4 50. Rxc4 Ka5 51. Re5+ Rxe5 52. dxe5 Rg5
53. f4 Rh5 54. Kg3 Rh8 55. Rc6 Rg8+ 56. Kf3 Rg6 57. g4 Rh6 58. Kg3 Kb5 59. Rc8
Ka4 60. h4 {Black resigns} 1-0

[Event "Team 45 45 League T44"]
[Site "Internet Chess Club"]
[Date "2010.02.21"]
[Round "3"]
[White "CheeryCherry"]
[Black "joshtournman"]
[Result "0-1"]
[WhiteElo "1680"]
[BlackElo "1478"]
[Opening "Four knights: double Ruy Lopez"]
[ECO "C49"]
[Time "17:45:50"]
[TimeControl "2700+45"]

1. e4 e5 2. Nf3 Nc6 3. Nc3 Nf6 4. Bb5 Bb4 5. O-O Bxc3 6. bxc3 d6 7. d3 a6 8. Ba4
b5 9. Bb3 Be6 10. Bg5 O-O 11. Re1 Na5 12. d4 Nxb3 13. axb3 h6 14. Bh4 Bg4 15. h3
Bxf3 16. Qxf3 Re8 17. Rad1 g5 18. Bg3 Nd7 19. Qg4 Qf6 20. b4 Qe6 21. Qf3 Qf6 22.
Qg4 Rad8 23. d5 Qg6 24. Re3 Nf6 25. Qf3 g4 26. hxg4 Qxg4 27. Rde1 Qxf3 28. Rxf3
Nh7 29. Bh4 Ra8 30. Rg3+ Kh8 31. Rf3 Kg8 32. Bf6 Nxf6 33. Rxf6 Kg7 34. Rf5 a5
35. f4 axb4 36. cxb4 Ra2 37. c3 f6 38. Re3 Kf7 39. fxe5 Rxe5 40. Rff3 Rg5 41.
Rf2 Ra1+ 42. Kh2 Kg6 43. Ref3 Rh5+ 44. Rh3 Rxh3+ 45. Kxh3 Re1 46. Rf4 Re3+ 47.
Rf3 Rxe4 48. Rd3 Kf5 49. g3 Re5 50. g4+ Kf4 51. Kh4 f5 52. gxf5 Kxf5 53. Kh5
Ke4+ {White resigns} 0-1

[Event "Team 45 45 League T44"]
[Site "Internet Chess Club"]
[Date "2010.02.20"]
[Round "3"]
[White "arconia"]
[Black "oldprez"]
[Result "0-1"]
[WhiteElo "1336"]
[BlackElo "1464"]
[Opening "Caro-Kann defense"]
[ECO "B10"]
[Time "10:00:33"]
[TimeControl "2700+45"]

1. e4 c6 2. Nf3 d5 3. e5 Bf5 4. d4 e6 5. Be2 h6 6. O-O Ne7 7. Nh4 Bh7 8. Nd2 Nf5
9. Ndf3 Nxh4 10. Nxh4 Qxh4 11. f4 Nd7 12. a4 c5 13. c3 cxd4 14. cxd4 Bb4 15. Bd2
Bxd2 16. Qxd2 O-O 17. Ra3 Rac8 18. Rh3 Rc2 19. Qe3 Qe7 20. Bd3 Bxd3 21. Qxd3
Rfc8 22. Qg3 Rc1 23. Rxh6 Rxf1+ 24. Kxf1 Rc1+ 25. Kf2 Nf8 26. Rh5 Qb4 27. Qg5
Rc2+ 28. Kg3 Qe1+ 29. Kh3 Qe3+ 30. g3 Qf3 31. Qh4 Qg2+ 32. Kg4 Qe2+ 33. Kh3
Qxh2+ 34. Kg4 Qxh4+ 35. Rxh4 Rxb2 36. f5 exf5+ 37. Kxf5 Ne6 38. a5 Rb3 39. g4
Nxd4+ 40. Kf4 Ne6+ 41. Kf5 {White resigns} 0-1

[Event "Team 45 45 League T44"]
[Site "Internet Chess Club"]
[Date "2010.02.20"]
[Round "3"]
[White "Traho"]
[Black "CoasterBrake"]
[Result "0-1"]
[WhiteElo "1245"]
[BlackElo "1286"]
[Opening "Caro-Kann: classical, Maróczy attack"]
[ECO "B18"]
[Time "09:04:34"]
[TimeControl "2700+45"]

1. e4 c6 2. d4 d5 3. Nc3 dxe4 4. Nxe4 Bf5 5. Ng3 Bg6 6. f4 h6 7. Nf3 e6 8. c3
Bd6 9. Nh4 Qxh4 10. Qf3 Nf6 11. Be3 Ne4 12. O-O-O Nxg3 13. Bf2 {White resigns}
0-1

[Event "Team 45 45 League T44"]
[Site "Internet Chess Club"]
[Date "2010.02.21"]
[Round "3"]
[White "otib2006"]
[Black "jocooper"]
[Result "1-0"]
[WhiteElo "1258"]
[BlackElo "1118"]
[Opening "King's Indian: East Indian defense"]
[ECO "A48"]
[Time "10:00:17"]
[TimeControl "2700+45"]

1. d4 Nf6 2. Nf3 g6 3. e3 Bg7 4. Bd3 O-O 5. O-O d6 6. Nbd2 Nbd7 7. b3 c6 8. Bb2
b5 9. Qe2 e5 10. dxe5 dxe5 11. Nxe5 Nxe5 12. Bxe5 Re8 13. Nf3 Bg4 14. Rfd1 Rxe5
15. Bxb5 Rd5 16. Bxc6 Rc8 17. Bxd5 Nxd5 18. Rac1 Be6 19. c4 Qe7 20. cxd5 Rxc1
21. Rxc1 Bxd5 22. h3 Bb7 23. Qc4 h6 24. Qc7 Qe4 25. Qf4 Qe7 26. Rc7 g5 27. Rxe7
gxf4 28. Rxb7 fxe3 29. fxe3 a6 30. Ra7 Bf6 31. Rxa6 Kg7 32. h4 h5 33. Ng5 Kg6
34. Ne4 {Black resigns} 1-0

[Event "Team 45 45 League T44"]
[Site "Internet Chess Club"]
[Date "2010.02.24"]
[Round "3"]
[White "WzeroMN"]
[Black "hcarstens"]
[Result "0-1"]
[WhiteElo "1202"]
[BlackElo "1233"]
[Opening "French: advance variation"]
[ECO "C02"]
[Time "19:00:45"]
[TimeControl "2700+45"]

1. e4 e6 2. d4 d5 3. e5 Bb4+ 4. c3 Ba5 5. Nf3 Bb6 6. Bb5+ Bd7 7. Bxd7+ Nxd7 8.
O-O c5 9. Bg5 Ne7 10. Na3 cxd4 11. cxd4 a6 12. Nc2 f6 13. exf6 gxf6 14. Bh6 Ng6
15. Re1 Ndf8 16. Nb4 Qd6 17. Qa4+ Kf7 18. Nd3 Nd7 19. Qb4 Bc7 20. Qxd6 Bxd6 21.
h4 Ne7 22. Bf4 Nf5 23. Bxd6 Nxd6 24. Rec1 Rac8 25. Rxc8 Rxc8 26. Rc1 Rxc1+ 27.
Nxc1 e5 28. dxe5 fxe5 29. Ng5+ Kg6 30. f3 Nc5 31. b4 Nd7 32. Kf1 e4 33. fxe4
Nxe4 34. Nxe4 dxe4 35. Ke2 Kf5 36. Ke3 Nb6 37. Ne2 Nc4+ 38. Kd4 Nd6 39. Ng3+ Kg4
40. Nxe4 Nxe4 41. Kxe4 Kxh4 42. Kf3 b6 43. g4 Kg5 44. a3 b5 45. Kg3 h6 46. Kf3
Kh4 47. Kf4 Kh3 48. Kf3 Kh4 49. Kf4 Kh3 50. Kf5 Kg3 51. g5 hxg5 52. Kxg5 Kf3 53.
Kf5 Ke3 54. Ke5 Kd3 55. Kd5 Kc3 56. Kc5 Kb3 57. Kb6 Kxa3 58. Kxa6 Kxb4 59. Kb6
Kc4 60. Ka5 b4 61. Ka4 Kc3 62. Kb5 b3 63. Ka4 Kc2 64. Ka3 b2 65. Ka2 b1=Q+ 66.
Ka3 Qb3# {White checkmated} 0-1

[Event "Team 45 45 League T44"]
[Site "Internet Chess Club"]
[Date "2010.02.18"]
[Round "3"]
[White "dornoch"]
[Black "BosqueVerde"]
[Result "1-0"]
[WhiteElo "1000"]
[BlackElo "1094"]
[Opening "Ruy Lopez: Lucena defense"]
[ECO "C60"]
[Time "21:06:47"]
[TimeControl "2700+45"]

1. e4 e5 2. Nf3 Nc6 3. Bb5 Be7 4. O-O Nf6 5. Nc3 O-O 6. d3 d6 7. Bg5 Be6 8. Bxc6
bxc6 9. d4 d5 10. dxe5 Nxe4 11. Nxe4 dxe4 12. Qxd8 Bxd8 13. Bxd8 Rfxd8 14. Ng5
Bf5 15. Rad1 h6 16. Nh3 g5 17. Rfe1 Rd5 18. Rxd5 cxd5 19. c3 c5 20. Kf1 Kg7 21.
Ng1 Re8 22. Ne2 Rxe5 23. b4 cxb4 24. cxb4 Kg6 25. b5 Bd7 26. Rb1 Re6 27. a4 f5
28. a5 Rd6 29. b6 axb6 30. axb6 d4 31. b7 Bb5 32. Rxb5 Rd8 33. Nxd4 Rxd4 34.
b8=Q Rd1+ 35. Ke2 Rd6 36. Rb6 Rxb6 37. Qxb6+ Kh5 38. f3 exf3+ 39. Kxf3 g4+ 40.
Kf2 f4 41. Qb5+ Kh4 42. Qf5 h5 43. g3+ fxg3+ 44. hxg3+ Kh3 45. Qxh5# {Black
checkmated} 1-0

[Event "Team 45 45 League T44"]
[Site "Internet Chess Club"]
[Date "2010.02.17"]
[Round "3"]
[White "Moxley"]
[Black "carambola"]
[Result "1-0"]
[WhiteElo "1371"]
[BlackElo "1312"]
[Opening "Caro-Kann defense"]
[ECO "B10"]
[Time "22:01:47"]
[TimeControl "2700+45"]

1. e4 c6 2. Nf3 f6 3. b3 d6 4. Bb2 Bg4 5. Be2 Nh6 6. d4 g6 7. Nbd2 Bg7 8. h3 Be6
9. O-O Qa5 10. c4 Nd7 11. Qc2 O-O 12. Rfe1 f5 13. Ng5 Rf6 14. d5 Qc5 15. Bxf6
Bxf6 16. Nxe6 Qa5 17. Rad1 c5 18. exf5 Nxf5 19. Bg4 Nh6 20. Ne4 Be5 21. Qd2 Qxd2
22. Rxd2 Nxg4 23. hxg4 Nf6 24. Nxf6+ exf6 25. Rb1 a5 26. a3 g5 27. Rd3 Rb8 28.
b4 cxb4 29. axb4 axb4 30. Rxb4 Ra8 31. Rd1 Rc8 32. Rdb1 b6 33. Rxb6 Kf7 34. Rc1
Kg6 35. c5 dxc5 36. Rxc5 Ra8 37. Rb1 h5 38. gxh5+ Kxh5 39. Rd1 Bd6 40. Rc6 Be5
41. d6 Ra4 42. d7 Rh4 43. d8=Q Bh2+ 44. Kf1 Kg6 45. Qg8+ Kf5 46. Nd4+ Ke5 47.
Qe6+ Kf4 48. Qf5# {Black checkmated} 1-0